 Seeded DCSS version 0.32-a0-953-g508020473e (webtiles) character file.

Game seed: 202404165 (custom seed)

3027 Orlauf the Carver (level 9, -13/72 HPs)
             Began as a Demonspawn Gladiator on Apr 16, 2024.
             Was a Priest of Uskayaw.
             Mangled by an orc warlord
             ... wielding a +5 battleaxe
              (24 damage)
             ... in a bailey.
             The game lasted 00:10:29 (6108 turns).

Orlauf the Carver (Demonspawn Gladiator)            Turns: 6108, Time: 00:10:32

Health: -13/72     AC: 15    Str: 19    XL:     9   Next: 55%
Magic:  12/12      EV:  9    Int:  9    God:    Uskayaw [***...]
Gold:   951        SH: 13    Dex: 14    Spells: 8/8 levels left

rFire   + . .        a - +3 long sword "Huqizel" {speed, Will+}
rCold   + . .        f - +0 buckler
rNeg    . . .        j - +2 scale mail "Gomehah" {rF+ Str+4}
rPois   .            (helmet restricted)
rElec   .            t - +0 cloak
rCorr   +            q - +1 pair of gloves "Qusudghy" {Fly rCorr Str-4 Stlth-}
SInv    .            (no boots)
Will    +....        D - amulet of regeneration Stlth
                     s - ring of protection from cold
HPRegen 1.12/turn    w - +4 ring of protection
MPRegen 0.26/turn

%: no passive effects
@: flying
A: antennae 1, large bone plates 1, magic regeneration, condensation shield
a: Renounce Religion, Stomp, Line Pass


You were in a bailey.
You worshipped Uskayaw.
Uskayaw was noncommittal.
You visited 2 branches of the dungeon, and saw 9 of its levels.
You also visited: Bailey.

You collected 951 gold pieces.

Inventory:

Hand Weapons
 a - the +3 long sword "Huqizel" (weapon) {speed, Will+}
   (You found it on level 3 of the Dungeon)

   Will+:     It increases your willpower.
 b - a +2 dagger of electrocution
 m - a +0 long sword of venom
Missiles
 d - 3 throwing nets
 e - a javelin
 z - a curare-tipped dart
 A - 18 poisoned darts
Armour
 f - a +0 buckler (worn)
 j - the +2 scale mail "Gomehah" (worn) {rF+ Str+4}
   (You found it on level 5 of the Dungeon)

   Str+4:     It affects your strength (+4).
   rF+:       It protects you from fire.
 q - the +1 pair of gloves "Qusudghy" (worn) {Fly rCorr Str-4 Stlth-}
   (You found it on level 6 of the Dungeon)

   Str-4:     It affects your strength (-4).
   Fly:       It grants you flight.
   rCorr:     It protects you from acid and corrosion.
   Stlth-:    It makes you less stealthy.
 r - a +1 chain mail of poison resistance
 t - a +0 cloak (worn)
 v - a +0 pair of gloves
Jewellery
 s - a ring of protection from cold (left hand)
 w - a +4 ring of protection (right hand)
 x - a +4 ring of protection
 D - an amulet of regeneration (around neck)
Wands
 h - a wand of roots (11)
 u - a wand of paralysis (13) (quivered)
 y - a wand of flame (30)
Scrolls
 c - 7 scrolls of teleportation
 n - a scroll of silence
 o - 3 scrolls of immolation
 p - 2 scrolls of amnesia
 B - 3 scrolls of enchant armour
 F - a scroll of fear
 H - 2 scrolls of butterflies
Potions
 g - 2 potions of mutation
 i - a potion of ambrosia
 k - 4 potions of curing
 l - a potion of enlightenment
 C - 3 potions of magic
 G - a potion of heal wounds


   Skills:
 + Level 7.1 Fighting
 * Level 9.3 Long Blades
 - Level 1.7 Throwing
 - Level 2.6 Dodging
 + Level 4.5 Shields
 + Level 4.4 Invocations


You had 8 spell levels left.
You didn't know any spells.
Your spell library contained the following spells:

 Spells                   Type           Power      Damage    Failure   Level
 Cigotuvi's Dreadful Rot  Necr/Alch/Air  0%         N/A       94%         2
 Scorch                   Fire           0%         2d5       94%         2
 Animate Dead             Necr           0%         N/A       100%        4
 Flame Wave               Conj/Fire      0%         2d4       100%        4
 Ignite Poison            Fire/Alch      0%         N/A       100%        4
 Freezing Cloud           Conj/Ice/Air   0%         6-21      100%        5
 Summon Forest            Summ/Tloc      0%         N/A       100%        5
 Summon Mana Viper        Hex/Summ       0%         N/A       100%        5
 Summon Cactus Giant      Summ           0%         N/A       100%        6
 Haunt                    Necr/Summ      0%         N/A       100%        7
 Infestation              Necr           0%         N/A       100%        8


Dungeon Overview and Level Annotations

Branches:
Dungeon (8/15)             Temple (1/1) D:7          Bailey (1/1)
   Lair: D:8-11

Altars:
Ashenzari
Cheibriados
Dithmenos
Fedhas
Gozag
Hepliaklqana
Kikubaaqudgha
Nemelex Xobeh
Okawaru
Qazlal
Ru
Trog
Uskayaw
Vehumet
Wu Jian
Xom
Yredelemnul

Annotations:
D:6 2 transporters
D:7 2 transporters, Biggs's ghost, novice TrFi


Innate Abilities, Weirdness & Mutations

You have a pair of small antennae on your head.
You are partially covered in large bone plates. (SH +4)
You regenerate magic rapidly.
A meltable shield of frost defends you. (SH +4)


Message History

You hit the orc warlord but do no damage.
The orc warlord is heavily wounded.
The orc warlord hits you with a +5 battleaxe!!
Aiming: Paralyse
Press: ? - help, Q - select action, (/) - cycle Shift-Dir - straight line, f/p - orc warlord
Aim: an orc warlord, wielding a +5 battleaxe and wearing a +0 chain mail (heavily wounded, chance to affect: 17%)
The orc warlord resists with almost no effort.
You block the orc warlord's attack.
You slash the orc warlord!
The orc warlord is heavily wounded.
You block the orc warlord's attack.
You barely miss the orc warlord.
The orc warlord is heavily wounded.
You block the orc warlord's attack.
You closely miss the orc warlord.
The orc warlord is heavily wounded.
You slash the orc warlord!
The orc warlord is severely wounded.
The orc warlord hits you with a +5 battleaxe.
You slash the orc warlord!
The orc warlord is severely wounded.
Uskayaw will force your foes to helplessly watch your dance.
Uskayaw prepares the audience for your solo!
The helpless orc warlord fails to defend itself.
You hit the orc warlord but do no damage.
The orc warlord is severely wounded.
The orc warlord is no longer paralysed.
The orc warlord hits you with a +5 battleaxe!!
* * * LOW HITPOINT WARNING * * *
You hit the orc warlord but do no damage.
The orc warlord is severely wounded.
The orc warlord hits you with a +5 battleaxe!
* * * LOW HITPOINT WARNING * * *
Aiming: Paralyse
Press: ? - help, Q - select action, (/) - cycle Shift-Dir - straight line, f/p - orc warlord
Aim: an orc warlord, wielding a +5 battleaxe and wearing a +0 chain mail (severely wounded, chance to affect: 17%)
The orc warlord resists with almost no effort.
The orc warlord hits you with a +5 battleaxe!!
You die...
Your body falls in perfect tune with the rhythm.

#..ß..ß.(.(.........ß..ß..#
#.........................#
##......####...####()....##
♣##....##~~#####~~##....##♣
♣.##...#~)!ß...ß!)~#...##.♣
♣♣..###'#~.........~#'###..♣♣
♣...~~~.#~..ß...ß..~#.~~~...♣
♣♣...~~~.##....o....##.~~~...♣♣
♣∩...~~~.#~....@....~#.~~~...∩♣
♣♣...~~~.#~.........~#.~~~...♣♣
♣...)~~.#~~.ß...ß.~~#.~~~...♣
♣♣..###'###.......###'###..♣♣
♣.##....#~.ß...ß.~#..).##.♣
♣##.....#~~~~~~~~~#())..##♣
##...(..####~~~####......##
#...ß......#'''#..)...ß...#
#.........................#


You could see an orc warlord.

Vanquished Creatures
  Grinder (D:4)
  3 yaks (D:8)
  A steam dragon (D:7)
  A sky beast (D:7)
  A black bear (D:7)
  3 orc warriors
  An ice beast (D:6)
  An ogre (D:6)
  A phantom (D:7)
  3 kobold brigands
  2 bullfrogs
  A gnoll sergeant (D:7)
  A scorpion (D:7)
  3 killer bees (D:8)
  4 bombardier beetles
  2 jellies
  2 orc priests
  2 hounds
  2 iguanas
  6 sleepcaps
  4 orc wizards
  Robin (D:4)
  3 gnolls (D:7)
  10 adders
  A shadow imp (D:5)
  2 white imps
  A dart slug (D:3)
  3 ribbon worms
  10 orcs
  4 ball pythons
  3 bats (D:1)
  7 endoplasms
  2 giant cockroaches (D:4)
  22 goblins
  17 hobgoblins
  3 jackals
  6 quokkas
  7 frilled lizards
  41 kobolds
  4 rats
192 creatures vanquished.

Notes
Turn   | Place    | Note
-------+----------+-------------------------------------------
     0 | D:1      | Orlauf the Demonspawn Gladiator began the quest for the
                  | Orb.
     0 | D:1      | Reached XP level 1. HP: 16/16 MP: 1/1
    36 | D:1      | Reached skill level 3 in Long Blades
   112 | D:1      | Gained mutation: You are partially covered in large bone
                  | plates. (SH +4) [demonic ancestry]
   112 | D:1      | Reached XP level 2. HP: 22/22 MP: 2/2
   713 | D:1      | Gained mutation: A meltable shield of frost defends you.
                  | (SH +4) [demonic ancestry]
   713 | D:1      | Reached XP level 3. HP: 23/28 MP: 3/3
  1676 | D:3      | Reached skill level 4 in Long Blades
  1676 | D:3      | Gained mutation: You regenerate magic rapidly. [demonic
                  | ancestry]
  1676 | D:3      | Reached XP level 4. HP: 24/34 MP: 4/4
  2009 | D:3      | Identified the +3 long sword "Huqizel" {speed, Will+}
  2302 | D:3      | Identified a scroll of acquirement
  2302 | D:3      | Acquired 466 gold pieces
  2324 | D:4      | Noticed Grinder
  2329 | D:4      | Paralysed by Grinder for 5 turns
  2342 | D:4      | Reached XP level 5. HP: 8/41 MP: 5/5
  2354 | D:4      | Killed Grinder
  2355 | D:4      | Reached skill level 5 in Long Blades
  2355 | D:4      | Gained mutation: You have a pair of small antennae on your
                  | head. [demonic ancestry]
  2355 | D:4      | Reached XP level 6. HP: 33/48 MP: 6/6
  2568 | D:4      | Reached skill level 6 in Long Blades
  2741 | D:4      | Noticed Robin
  2756 | D:4      | Killed Robin
  2757 | D:4      | Reached XP level 7. HP: 49/55 MP: 7/7
  3145 | D:5      | Entered Level 5 of the Dungeon
  3326 | D:5      | Found a sparkling altar of Nemelex Xobeh.
  3494 | D:5      | Identified the +2 scale mail "Gomehah" {rF+ Str+4}
  3583 | D:5      | Reached skill level 5 in Fighting
  3583 | D:5      | Reached skill level 1 in Shields
  3882 | D:6      | Identified the +1 pair of gloves "Qusudghy" {Fly rCorr
                  | Str-4 Stlth-}
  3958 | D:6      | Noticed a troll
  3961 | D:6      | Noticed a slime creature
  3964 | D:6      | Found a transporter.
  4012 | D:6      | Paralysed by a kobold brigand for 3 turns
  4023 | D:6      | Reached skill level 7 in Long Blades
  4280 | D:6      | Found a basalt altar of Yredelemnul.
  4282 | D:6      | Found a shimmering altar of Xom.
  4286 | D:6      | Found a transporter.
  4338 | D:6      | Reached XP level 8. HP: 56/63 MP: 8/8
  4767 | D:7      | Found an ancient bone altar of Kikubaaqudgha.
  4791 | D:7      | Noticed Biggs's ghost (novice TrFi)
  4803 | D:7      | Found a transporter.
  4805 | D:7      | Found a transporter.
  4940 | D:7      | Reached skill level 8 in Long Blades
  5003 | D:7      | Found a staircase to the Ecumenical Temple.
  5018 | Temple   | Entered the Ecumenical Temple
  5099 | Temple   | Became a worshipper of Uskayaw the Reveller
  5140 | D:7      | Reached * piety under Uskayaw
  5169 | D:7      | Reached ** piety under Uskayaw
  5171 | D:7      | Reached skill level 1 in Invocations
  5174 | D:7      | Reached *** piety under Uskayaw
  5176 | D:7      | Reached **** piety under Uskayaw
  5195 | D:7      | Reached ***** piety under Uskayaw
  5350 | D:7      | Reached XP level 9. HP: 69/71 MP: 10/10
  5624 | D:8      | Reached skill level 9 in Long Blades
  5698 | D:8      | Identified the +2 ring mail of Roguy {Harm rF+ Stlth+}
  5766 | D:8      | Found a flagged portal.
  5775 | Bailey   | Entered a bailey
  5780 | Bailey   | Noticed an orc warlord
  5870 | Bailey   | Found a runed translucent gate.
  5886 | Bailey   | Found a runed translucent gate.
  5888 | Bailey   | Found a runed translucent gate.
  6108 | Bailey   | Mangled by an orc warlord

Illustrated notes

Levels and vault maps discovered:
D:1:      sevenhm_arrival_forest_fort_small_4, layout_basic
D:2:      layout_basic, nrook_mini_backslash
D:3:      layout_basic, minmay_starry_boxes
D:4:      layout_cave_pools, uniq_robin, uniq_grinder
D:5:      layout_basic, mainiacjoe_overflow_chevrons, kennysheep_diamond
D:6:      layout_basic, gammafunk_temple_overflow_arena
D:7:      layout_cave_pools, nicolae_kikubaaqudgha_miasma_corner, temple_green,
          gammafunk_ghost_hive, minmay_misc_feat_four_crosses,
          serial_bayou_lagoon_a, minmay_fractal_squares_gapless_5
D:8:      layout_basic, enter_bailey_2
Temple:   nicolae_temple_superstar
Bailey:   bailey_axe_bossmonster_kennysheep, bailey

Skill      XL: |  1  2  3  4  5  6  7  8  9 |
---------------+----------------------------+-----
Long Blades    | 3 4 5 6 7 8 9 |  9.3
Fighting       | 3 4 5 6 7 |  7.1
Shields        | 2 3 4 |  4.5
Invocations    | 2 4 |  4.4
Throwing       | |  1.7
Dodging        | |  2.6

Action                     |  1- 3 |  4- 6 |  7- 9 || total
---------------------------+-------+-------+-------++-------
  Melee: Long sword        |   157 |   140 |   411 ||   708
  Throw: Throwing net      |       |     2 |       ||     2
         Javelin           |       |     1 |       ||     1
  Evoke: Wand              |       |       |     5 ||     5
    Use: Scroll            |     4 |     8 |     6 ||    18
         Potion            |     4 |     3 |       ||     7
   Stab: Distracted        |     1 |       |       ||     1
         Held in net/web   |       |     1 |       ||     1
         Paralysed         |       |       |    22 ||    22
 Armour: Leather armour    |   101 |    13 |       ||   114
         Ring mail         |       |    41 |    14 ||    55
         Scale mail        |       |       |   186 ||   186
  Dodge: Dodged            |    92 |    40 |   119 ||   251
  Block: Other             |    47 |    18 |       ||    65
         Buckler           |       |    26 |   231 ||   257

Table legend: (Time is in decaauts)
 A = Elapsed time spent in this place.
 B = Non-inter-level travel time spent in this place.
 C = Inter-level travel time spent in this place.
 D = Time resting spent in this place.
 E = Time spent auto-exploring this place.
 F = Levels seen in this place.
 G = Mean time per level.
                   A        B        C        D        E       F      G
               +--------+--------+--------+--------+--------+-----+--------+
         Total |   6009 |   5850 |    159 |    347 |   3959 |  10 |  600.9 |
       Dungeon |   5599 |   5465 |    134 |    316 |   3772 |   8 |  699.9 |
        Temple |    106 |     81 |     25 |      0 |     56 |   1 |  106.0 |
        Bailey |    303 |    303 |      0 |     31 |    131 |   1 |  303.0 |
               +--------+--------+--------+--------+--------+-----+--------+

Top non-repeatable levels by time:
     D:1: 925 daAuts
     D:7: 828 daAuts
     D:6: 805 daAuts
     D:4: 798 daAuts
     D:2: 756 daAuts
     D:3: 683 daAuts
     D:5: 634 daAuts
  Bailey: 303 daAuts
     D:8: 167 daAuts
  Temple: 106 daAuts
